 Dungeon Crawl Stone Soup version 0.29.1-12-g30fa7ad0bf (webtiles) character file.

Game seed: 13471496036219118642

6765 fantasyman the Carver (level 10, -4/93 HPs)
             Began as a Minotaur Fighter on Dec 21, 2022.
             Was a Priest of Okawaru.
             Killed from afar by an acid dragon (24 damage)
             ... with a splash of acid
             ... on level 9 of the Dungeon.
             The game lasted 00:14:24 (12436 turns).

fantasyman the Carver (Minotaur Fighter)           Turns: 12436, Time: 00:14:24

Health: -4/93      AC: 15    Str: 25    XL:     10   Next: 75%
Magic:  9/9        EV: 11    Int:  5    God:    Okawaru [***...]
Gold:   434        SH:  4    Dex: 10    Spells: 9/9 levels left

rFire   . . .      SeeInvis .   w - +5 scimitar (freeze)
rCold   . . .      Faith    .   c - +0 buckler
rNeg    . . .      Spirit   .   s - +0 plate armour
rPois   .          Reflect  .   (helmet restricted)
rElec   .          Harm     .   (no cloak)
rCorr   .          Rampage  .   g - +0 pair of gloves
Will    .....                   j - +1 pair of boots
Stlth   ..........              (no amulet)
HPRegen 0.25/turn               t - +4 ring of evasion
MPRegen 0.11/turn               (no ring)

@: weak-willed, corroded
A: horns 2, retaliatory headbutt
a: Renounce Religion, Heroism


You were on level 9 of the Dungeon.
You worshipped Okawaru.
Okawaru was most pleased with you.
You visited 2 branches of the dungeon, and saw 10 of its levels.

You collected 434 gold pieces.

Inventory:

Hand Weapons
 a - a +1 long sword of flaming
 w - a +5 scimitar of freezing (weapon)
Armour
 c - a +0 buckler (worn)
 g - a +0 pair of gloves (worn)
 j - a +1 pair of boots (worn)
 s - a +0 plate armour (worn)
Jewellery
 t - a +4 ring of evasion (left hand)
 v - a +4 ring of protection
 y - an amulet of reflection
 A - an amulet of the acrobat
Wands
 i - a wand of charming (13)
 u - a wand of roots (16)
Scrolls
 b - a scroll of blinking
 f - a scroll of torment
 h - 2 scrolls of noise
 x - a scroll of fear
 C - 3 scrolls of immolation {unknown}
 D - a scroll of brand weapon
Potions
 d - 2 potions of might
 e - a potion of haste
 k - a potion of berserk rage
 m - 2 potions of curing
 n - a potion of heal wounds
 p - 3 potions of flight
 q - 2 potions of brilliance
 r - 2 potions of ambrosia {unknown}
 z - a potion of mutation {unknown}
 B - a potion of attraction {unknown}
 E - a potion of magic {unknown}


   Skills:
 + Level 9.8 Fighting
 + Level 13.3 Long Blades
 + Level 12.0 Armour
 - Level 3.6 Shields


You had 9 spell levels left.
You didn't know any spells.
Your spell library contained the following spells:

 Spells                   Type           Power      Damage    Failure   Level
 Necrotise                Necr           0%         1d4       99%         1
 Poisonous Vapours        Pois/Air       0%         N/A       100%        2
 Vampiric Draining        Necr           0%         2d6       100%        3
 Corpse Rot               Necr/Pois/Air  0%         N/A       100%        4
 Agony                    Necr           0%         N/A       100%        5


Dungeon Overview and Level Annotations

Branches:
Dungeon (9/15)             Temple (1/1) D:6
   Lair: D:8-11         Orc: D:9-12

Altars:
Ashenzari
Dithmenos
Fedhas
Gozag
Hepliaklqana
Okawaru
Qazlal
Ru
Sif Muna
Trog
Uskayaw
Vehumet
Wu Jian
Zin

Shops:
D:6 =


Innate Abilities, Weirdness & Mutations

You have a pair of horns on your head.
You reflexively headbutt those who attack you in melee.


Message History

You hit the acid dragon. You freeze the acid dragon.
The acid dragon is lightly wounded.
The bullfrog hits you but does no damage.
The acid dragon bites you but does no damage.
The acid dragon misses you. The troll bites you.
The troll claws you but does no damage. x2
The troll attacks as you move away! The troll bites you!
* * * LOW HITPOINT WARNING * * *
The troll claws you but does no damage. x2
The acid dragon attacks as you move away!
The acid dragon bites you.
* * * LOW HITPOINT WARNING * * *
The acid dragon claws you but does no damage.
As you read the scroll of teleportation, it crumbles to dust.
You feel strangely stable. The bullfrog barely misses you.
The bullfrog hits you but does no damage.
The acid dragon bites you!
* * * LOW HITPOINT WARNING * * *
The acid dragon barely misses you.
There are monsters nearby!
You feel much better. The bullfrog barely misses you.
The acid dragon spits acid at you. The splash of acid hits you.
* * * LOW HITPOINT WARNING * * *
The bullfrog attacks as you move away! The bullfrog barely misses you.
The troll attacks as you move away! You block the troll's attack.
The troll claws you.
* * * LOW HITPOINT WARNING * * *
The troll claws you.
* * * LOW HITPOINT WARNING * * *
The bullfrog hits you.
* * * LOW HITPOINT WARNING * * *
The bullfrog attacks as you move away!
The bullfrog hits you but does no damage.
You block the bullfrog's attack. The bullfrog closely misses you.
You furiously retaliate!
You headbutt the bullfrog! The acid dragon spits acid at you.
The splash of acid hits you!!
You die...

...# #.# #...# #.# ...# #.#
#...#########.. ...# #.#
#.............. ...# ###.#
#..########.... ...#
#...######.<# #.... ...#
#####...........# #....
...###...............# #....
.........######..##### ##...
###......#
###'@################ #......#
#)..F........... #......#
#.)............
#......#####.###D###.#.# #
#........##.###.#T###.## ..#
###........##............#...)
...........##.............#
...........####''#####...#...
...........####..######).#


You could see a troll (weak-willed), an acid dragon (catching breath,
weak-willed) and a bullfrog (weak-willed).

Vanquished Creatures
  Pikel (D:7)
  A kobold demonologist (D:9)
  Grinder (D:6)
  7 yaks
  A vampire (D:9)
  A water moccasin (D:5)
  A sky beast (D:6)
  4 ice beasts
  3 orc warriors
  3 ogres (D:5)
  7 centaurs
  4 phantoms
  3 kobold brigands
  3 bullfrogs
  4 necrophages
  3 scorpions
  19 wights
  5 hounds
  3 orc priests
  2 gnoll boudas
  2 jellies (D:6)
  3 iguanas
  6 orc wizards
  15 gnolls
  9 adders
  5 shadow imps
  An ufetubus (D:5)
  3 dart slugs
  26 orcs
  6 endoplasms
  6 giant cockroaches
  7 goblins
  8 hobgoblins
  6 jackals
  14 kobolds
  6 quokkas
  5 ball pythons
  8 bats
  A frilled lizard (D:2)
  4 rats
217 creatures vanquished.

Notes
Turn   | Place    | Note
-------+----------+-------------------------------------------
     0 | D:1      | fantasyman the Minotaur Fighter began the quest for the
                  | Orb.
     0 | D:1      | Reached XP level 1. HP: 19/19 MP: 0/0
   171 | D:1      | Reached XP level 2. HP: 13/27 MP: 1/1
   676 | D:1      | Reached skill level 3 in Long Blades
   832 | D:1      | Reached XP level 3. HP: 33/33 MP: 2/2
  1282 | D:2      | You fall into a shaft and drop 2 floors!
  1310 | D:4      | Noticed a scorpion
  1320 | D:4      | Killed a scorpion
  1321 | D:4      | Reached XP level 4. HP: 31/41 MP: 3/3
  1501 | D:4      | Reached skill level 4 in Long Blades
  2330 | D:3      | Reached XP level 5. HP: 47/47 MP: 4/4
  2642 | D:2      | Found a faded altar of an unknown god.
  2759 | D:2      | Reached skill level 5 in Armour
  2869 | D:2      | Identified the +2 ring mail of Apoass {Dex+3}
  3419 | D:4      | Reached skill level 5 in Long Blades
  3994 | D:4      | Found a hide-covered altar of Uskayaw.
  4013 | D:4      | Found a hazy altar of Hepliaklqana.
  4013 | D:4      | Found a bloodstained altar of Trog.
  4079 | D:4      | Found a blossoming altar of Fedhas.
  4670 | D:5      | Entered Level 5 of the Dungeon
  4670 | D:5      | Noticed a phantom
  4670 | D:5      | Noticed a phantom
  4678 | D:4      | Killed a phantom
  4679 | D:4      | Reached skill level 5 in Fighting
  4679 | D:4      | Reached XP level 6. HP: 39/56 MP: 5/5
  5016 | D:4      | Reached skill level 6 in Long Blades
  5058 | D:4      | Reached XP level 7. HP: 21/61 MP: 6/6
  5871 | D:5      | Found an opulent altar of Gozag.
  5892 | D:5      | Reached skill level 7 in Long Blades
  6161 | D:5      | Found a stormy altar of Qazlal.
  6244 | D:5      | Reached XP level 8. HP: 46/69 MP: 7/7
  6248 | D:5      | Reached skill level 8 in Long Blades
  6499 | D:5      | Reached skill level 9 in Long Blades
  6977 | D:6      | Noticed Grinder
  7166 | D:5      | Reached XP level 9. HP: 46/79 MP: 8/8
  7568 | D:6      | Killed Grinder
  7569 | D:6      | Reached skill level 10 in Long Blades
  8001 | D:6      | Found a shadowy altar of Dithmenos.
  8375 | D:6      | Found a staircase to the Ecumenical Temple.
  8403 | Temple   | Entered the Ecumenical Temple
  8412 | Temple   | Became a worshipper of Warmaster Okawaru
  8460 | D:6      | Found Qaytam's Jewellery Shoppe.
  8653 | D:6      | Reached skill level 10 in Armour
  8986 | D:7      | Reached skill level 11 in Long Blades
  9133 | D:7      | Found a radiant altar of Vehumet.
  9363 | D:7      | Noticed Pikel
  9374 | D:7      | Killed Pikel
  9374 | D:7      | Reached * piety under Okawaru
  9886 | D:7      | Reached XP level 10. HP: 78/90 MP: 9/9
  9893 | D:7      | Reached skill level 12 in Long Blades
 10413 | D:8      | Reached ** piety under Okawaru
 11979 | D:9      | Reached *** piety under Okawaru
 11980 | D:9      | Reached skill level 13 in Long Blades
 12436 | D:9      | Killed from afar by an acid dragon

Illustrated notes

Levels and vault maps discovered:
D:1:      minmay_arrival_shattered_statue, layout_basic
D:2:      layout_basic, shapermc_ecumenical_altar_hornbeckon
D:3:      layout_loops_cross, small_statue_intersection,
          hangedman_abyss_or_decor_lesser_grid, due_unseen_surprise
D:4:      layout_loops_ring, mainiacjoe_overflow_tiny_flanked, fedhas_altar_4,
          gammafunk_temple_overflow_pools
D:5:      layout_basic, lemuel_crystal_altar, grunt_qazlal_sundering,
          grunt_ministairs_1, minmay_increasing_density
D:6:      layout_basic, grunt_dithmenos_smoke, minmay_temple_entry_tees,
          serial_shops, shop, uniq_grinder
D:7:      layout_cave_pods, vehumet_crystals, uniq_pikel
D:8:      layout_loops_ring
D:9:      layout_irregular_city, hangedman_corner_corridor
Temple:   chequers_temple_sunken

Skill      XL: |  1  2  3  4  5  6  7  8  9 10 |
---------------+-------------------------------+-----
Fighting       | 4 5 6 7 8 9 |  9.8
Armour         | 4 5 6 7 9 10 12 | 12.0
Long Blades    | 3 4 5 6 7 9 11 13 | 13.3
Shields        | |  3.6

Action                   |  1- 3 |  4- 6 |  7- 9 | 10-12 || total
-------------------------+-------+-------+-------+-------++-------
Melee: Long sword        |    84 |   188 |   223 |       ||   495
       Headbutt          |     6 |    21 |    63 |    27 ||   117
       Scimitar          |       |       |    83 |   142 ||   225
  Use: Potion            |     4 |       |       |     1 ||     5
       Scroll            |     1 |     6 |     4 |     4 ||    15
Armor: Scale mail        |    40 |    18 |       |       ||    58
       Chain mail        |       |    99 |    41 |       ||   140
       Plate armour      |       |       |   141 |   100 ||   241
Dodge: Dodged            |    36 |    93 |   115 |    63 ||   307
Block: Buckler           |    17 |    38 |    54 |    26 ||   135
